 Seeded DCSS version 0.30.1-4-g462c640d31 (webtiles) character file.

Game seed: 6351066067085065685 (custom seed)

128380 Esekla the Eclecticist (level 16, -3/99 HPs)
             Began as a Deep Elf Necromancer on Aug 10, 2023.
             Was the Champion of Vehumet.
             Slain by a jorogumo (18 damage)
             ... on level 1 of the Spider Nest on Aug 11, 2023.
             The game lasted 03:32:03 (24357 turns).

Esekla the Eclecticist (Deep Elf Necromancer)      Turns: 24357, Time: 03:32:04

Health: -3/99      AC: 15    Str:  8    XL:     16   Next: 48%
Magic:  31/42      EV:  8    Int: 37    God:    Vehumet [******]
Gold:   814        SH:  0    Dex: 15    Spells: 2/55 levels left

rFire   . . .        s - +8 arc blade {discharge, rElec}
rCold   + . .        H - +0 buckler
rNeg    . . .        g - +2 troll leather armour
rPois   +            Y - +2 helmet {Int+3}
rElec   +            M - +1 cloak
rCorr   .            j - +0 pair of gloves
SInv    .            l - +1 pair of boots of Piysunuo {Str+3}
Will    +....        A - amulet of magic regeneration
Stlth   ++           L - ring of Descent {rPois rC+ Int+5 Stlth-}
HPRegen 1.16/turn    U - ring of the Mage {Wiz Archmagi}
MPRegen 0.68/turn

%: wizardry (x1), archmagi
@: wereblooded, spiked, held, studying Fighting
A: no striking features
a: Renounce Religion


You were on level 1 of the Spider Nest.
You worshipped Vehumet.
Vehumet was exalted by your worship.
You visited 4 branches of the dungeon, and saw 23 of its levels.
You also visited: Trove, Bailey and Gauntlet.

You collected 3572 gold pieces.
You spent 2758 gold pieces at shops.

Inventory:

Hand Weapons
 a - a +5 scimitar
 f - a +4 scimitar of flaming
 r - a +4 trident of venom
 s - the +8 arc blade (weapon) {discharge, rElec}
   (You bought it in a shop on level 4 of the Dungeon)

   rElec:     It insulates you from electricity.
Missiles
 u - 76 poisoned darts
 K - 4 curare-tipped darts
 N - 13 boomerangs (quivered)
Armour
 g - a +2 troll leather armour (worn)
 j - a +0 pair of gloves (worn)
 l - the +1 pair of boots of Piysunuo (worn) {Str+3}
   (You found it on level 1 of the Spider Nest)

   Str:       It affects your strength (+3).
 H - a +0 buckler (worn)
 M - a +1 cloak (worn)
 W - a +2 robe of cold resistance
 Y - a +2 helmet of intelligence (worn)
Magical Staves
 d - a staff of death
Jewellery
 p - a ring of resist corrosion
 w - the ring of Akemeir {Fire Str+4}
   (You found it in a treasure trove)

   [ring of fire]

   It enhances your fire magic.
   Str:       It affects your strength (+4).
   rF:        It protects you from fire.
   rC:        It makes you vulnerable to cold.
 y - the ring of Sumam {Wiz Str+3 Int+2 Dex-2}
   (You found it in a Gauntlet)

   [ring of wizardry]

   It improves your spell success rate.
   Str:       It affects your strength (+3).
   Int:       It affects your intelligence (+2).
   Dex:       It affects your dexterity (-2).
 A - an amulet of magic regeneration (around neck)
 L - the ring of Descent (left hand) {rPois rC+ Int+5 Stlth-}
   (You found it in a treasure trove)

   [ring of protection from cold]

   Int:       It affects your intelligence (+5).
   rC:        It protects you from cold.
   rPois:     It protects you from poison.
   Stlth:     It makes you less stealthy.
 T - an amulet of reflection
 U - the ring of the Mage (right hand) {Wiz Archmagi}
   (You bought it in a shop on level 2 of the Dungeon)

   [ring of wizardry]

   It improves your spell success rate.
   Archmagi:  It increases the power of your magical spells.
 X - a ring of ice
Wands
 D - a wand of flame (31)
 E - a wand of quicksilver (9)
 G - a wand of mindburst (8)
 J - a wand of roots (33)
 V - a wand of digging (21)
Scrolls
 c - 6 scrolls of fog
 e - 3 scrolls of fear
 m - 3 scrolls of acquirement
 n - 3 scrolls of blinking
 o - a scroll of identify
 B - 5 scrolls of enchant weapon
 C - 2 scrolls of silence
 F - 3 scrolls of poison
 O - a scroll of magic mapping
 Z - 10 scrolls of teleportation
Potions
 b - 3 potions of magic
 h - a potion of cancellation
 i - 10 potions of curing
 k - 10 potions of attraction
 q - 2 potions of haste
 t - 7 potions of brilliance
 v - 3 potions of flight
 x - a potion of heal wounds
 z - 3 potions of lignification
 I - a potion of mutation
 P - 3 potions of ambrosia
 R - 2 potions of might
 S - a potion of resistance


   Skills:
 * Level 10.8 Fighting
 + Level 3.9(5.0) Short Blades
 + Level 4.2(4.9) Long Blades
 + Level 3.0 Throwing
 - Level 5.3 Armour
 * Level 11.7 Dodging
 + Level 5.8 Stealth
 - Level 3.4 Shields
 * Level 20.1 Spellcasting
 + Level 7.3 Conjurations
 + Level 10.7 Necromancy
 + Level 4.4 Translocations
 + Level 5.1 Transmutations
 + Level 5.8 Fire Magic
 + Level 7.0 Ice Magic
 * Level 7.7 Air Magic
 * Level 9.2 Earth Magic
 + Level 7.4 Poison Magic
 + Level 0.4 Evocations


You had 2 spell levels left.
You knew the following spells:

 Your Spells              Type           Power      Damage    Failure   Level
b - Conjure Ball Lightni  Conj/Air       48%        3x3d17    1%          6
c - Mephitic Cloud        Conj/Pois/Air  96%        N/A       1%          3
d - Vampiric Draining     Necr           100%       2d13      1%          3
e - Searing Ray           Conj           100%       2d8       1%          2
f - Fireball              Conj/Fire      46%        3d18      1%          5
l - Lee's Rapid Deconstr  Erth           51%        3d24*     1%          5
n - Ignite Poison         Fire/Tmut/Pois 90%        N/A       1%          3
p - Plasma Beam           Fire/Air       46%        2x1d66    1%          6
t - Teleport Other        Tloc           81%        N/A       1%          3
v - Poisonous Vapours     Pois/Air       100%       N/A       1%          2
w - Wereblood             Tmut           85%        N/A       1%          2
x - Olgreb's Toxic Radia  Pois           95%        N/A       1%          4
y - Sticky Flame          Conj/Fire      92%        2d10      1%          4
z - Freezing Cloud        Conj/Ice/Air   47%        6-21      1%          5

Your spell library contained the following spells:

 Spells                   Type           Power      Damage    Failure   Level
 Necrotise                Necr           100%       1d9       0%          1
 Foxfire                  Conj/Fire      100%       2x1d9     1%          1
 Lesser Beckoning         Tloc           100%       N/A       1%          2
 Sublimation of Blood     Necr           100%       N/A       1%          2
 Gell's Gravitas          Tloc           81%        N/A       1%          3
 Hailstorm                Conj/Ice       94%        3d19      1%          3
 Inner Flame              Hex/Fire       73%        N/A       1%          3
 Portal Projectile        Hex/Tloc       100%       N/A       1%          3
 Spider Form              Tmut/Pois      90%        N/A       1%          3
 Summon Guardian Golem    Hex/Summ       54%        N/A       1%          3
 Vhi's Electric Charge    Tloc/Air       100%       N/A       1%          3
 Volatile Blastmotes      Fire/Tloc      100%       2d18      1%          3
 Animate Dead             Necr           100%       N/A       1%          4
 Manifold Assault         Tloc           81%        N/A       1%          4
 Passage of Golubria      Tloc           81%        N/A       1%          4
 Petrify                  Tmut/Erth      94%        N/A       1%          4
 Summon Ice Beast         Ice/Summ       76%        N/A       1%          4
 Agony                    Necr           100%       N/A       1%          5
 Arcjolt                  Conj/Air       48%        1d58      1%          5
 Yara's Violent Unravell  Hex/Tmut       35%        3d14      1%          5
 Eringya's Noxious Bog    Tmut/Pois      45%        N/A       2%          6
 Starburst                Conj/Fire      46%        6d13      2%          6
 Metabolic Englaciation   Hex/Ice        38%        N/A       4%          5
 Silence                  Hex/Air        39%        N/A       4%          5
 Statue Form              Tmut/Erth      62%        N/A       5%          6
 Cause Fear               Hex            27%        N/A       6%          4
 Orb of Destruction       Conj           47%        9d12      8%          7
 Dispersal                Tloc           40%        N/A       16%         6
 Summon Mana Viper        Hex/Summ       54%        N/A       17%         5
 Spellforged Servitor     Conj/Summ      38%        N/A       30%         7
 Lehudib's Crystal Spear  Conj/Erth      49%        10d12     32%         8
 Ignition                 Fire           44%        3d13      63%         8
 Enfeeble                 Hex            27%        N/A       99%         7
 Summon Hydra             Summ           27%        N/A       99%         7
 Disjunction              Tloc           40%        N/A       99%         8
 Discord                  Hex            27%        N/A       100%        8


Dungeon Overview and Level Annotations

Branches:
Dungeon (15/15)            Temple (0/1) D:6            Lair (5/5) D:11
 Shoals (0/4) Lair:2       Spider (1/4) Lair:3        Slime (0/5) Lair:5
    Orc (2/2) D:10            Elf (0/3) Orc:2        Vaults (0/5) D:13
 Depths (0/4) D:15         Bailey (visited)         Gauntlet (visited)

Altars:
Dithmenos
Fedhas
Hepliaklqana
Nemelex Xobeh
Okawaru
Qazlal
Ru
Trog
Uskayaw
Vehumet
Zin
The Shining One
Jiyva

Shops:
D:2 =   D:4 (   D:11 *   Orc:2 **[:

Portals:
Pandemonium: Orc:2


Message History

Aim: a spark wasp (freezing vapour, heavily wounded, poisoned, 74% to hit)
You feel a surge of power!
The searing ray hits the jorogumo.
The jorogumo is moderately wounded.
The searing ray hits the spark wasp but does no damage.
The spark wasp is heavily wounded. (Press . to maintain the ray.)
The jorogumo is engulfed in freezing vapours.
The spark wasp is engulfed in freezing vapours.
The jorogumo is engulfed in freezing vapours.
The jorogumo hits you.
You suddenly lose the ability to move!
You are no longer corroded.
The spark wasp is engulfed in freezing vapours.
The demonic crawler is engulfed in freezing vapours.
The jorogumo is engulfed in freezing vapours.
The jorogumo stares at you and mumbles some strange words.
The stream of webbing hits you but does no damage.
You are even more entangled.
The spark wasp is engulfed in freezing vapours.
The spark wasp stings you! The spark wasp shocks you. You resist.
* * * LOW HITPOINT WARNING * * *
The steelbarb worm simulacrum hits you but does no damage.
You can move again.
Casting: Searing Ray (safe; 1% risk of failure)
Confirm with . or Enter, or press ? or * to list all spells.
Aiming: Vampiric Draining (safe; 1% risk of failure)
Press: ? - help, Shift-Dir - straight line, f/p - spark wasp
Aim: a spark wasp (freezing vapour, severely wounded, poisoned)
You feel a surge of power!
You draw life force from the spark wasp!
You feel life coursing into your body.
You howl as the wereblood boils in your veins!
The demonic crawler is engulfed in freezing vapours.
The spark wasp is engulfed in freezing vapours.
The spark wasp stings you!
* * * LOW HITPOINT WARNING * * *
The spark wasp shocks you. You resist.
* * * LOW HITPOINT WARNING * * *
The jorogumo is engulfed in freezing vapours.
The jorogumo hits you!!
You die...

#### ≈≈≈# ≈≈~#
#.## ...##
...^# ....#
..### ######
#.###
#########Z@.^#
....#
#....!..§yH§.#
....#
#...#####§s..#
...####...#
#§#§..#
....##..###
#.###..#
...##^...# ...
..#
...#....###..
..#
.#......#.^..
..#
........###.
..#


You could see a jorogumo (soul bound), a spark wasp (poisoned), a demonic
crawler and a steelbarb worm simulacrum.

Vanquished Creatures
  Rupert (Lair:4)
  2 storm dragons (D:14)
  2 orc warlords (Orc:2)
  A stone giant (D:15)
  Azrael (Orc:2)
  A minotaur (Gauntlet)
  3 entropy weavers (Spider:1)
  2 fire dragons (Lair:5)
  An entropy weaver (shapeshifter) (D:14)
  Harold (D:9)
  4 vault guards (D:13)
  A demonspawn (Orc:2)
  8 centaur warriors
  4 hydras
  3 catoblepae
  A jorogumo (Spider:1)
  8 boulder beetles
  4 two-headed ogres
  6 death yaks (Gauntlet)
  2 orc high priests (Orc:2)
  A pharaoh ant (Spider:1)
  6 skeletal warriors
  A sun moth (Spider:1)
  Lodul (D:11)
  A skyshark (Lair:4)
  Pikel (D:6)
  A swamp dragon (Lair:5)
  2 lindwurms (Lair:5)
  2 steelbarb worms (Spider:1)
  An oklob plant (Lair:5)
  A deep elf archer (D:14)
  2 necromancers
  12 ugly things
  7 deep elf pyromancers
  A wolf spider (Spider:1)
  8 orc knights
  22 cyclopes
  9 orc sorcerers (Orc:2)
  2 moths of wrath (Spider:1)
  3 manticores
  Joseph (D:7)
  A merfolk siren (Lair:2)
  2 black mambas
  A black mamba (shapeshifter) (D:13)
  7 torpor snails
  3 gargoyles
  A smoke demon (Orc:2)
  9 elephants (Lair:5)
  11 cane toads
  Psyche (D:11)
  3 rime drakes
  An unseen horror (D:13)
  16 komodo dragons
  4 kobold demonologists
  3 yaktaurs (D:15)
  4 tengu conjurers
  An efreet (D:14)
  2 merfolk (Lair:2)
  A red devil (Orc:2)
  A meliai (D:14)
  A polar bear (D:11)
  10 trolls
  A meliai (shapeshifter) (D:15)
  3 tyrant leeches (Lair:5)
  2 tarantellas (Spider:1)
  10 hornets
  5 blink frogs (Lair:1)
  A raiju (Gauntlet)
  7 slime creatures (D:13)
  4 jumping spiders (Spider:1)
  12 spriggans (Lair:3)
  4 centaur simulacra (D:11)
  2 vampires
  2 culicivoras
  4 wraiths
  33 yaks
  5 basilisks
  A chaos spawn (Orc:2)
  3 fire elementals (Orc:2)
  5 vampire mosquitoes
  3 steam dragons
  5 wyverns
  5 redbacks (Spider:1)
  Menkaure (D:7)
  3 wargs (Orc:2)
  3 acid dragons
  6 ice beasts
  4 hell hounds (Orc:2)
  14 water moccasins
  2 swamp drakes (Lair:5)
  A sky beast (D:6)
  A meliai simulacrum (D:14)
  43 orc warriors
  2 black bears
  18 ogres
  9 centaurs
  3 boggarts (Lair:3)
  12 wolves
  A phantom (D:7)
  A lemure (D:7)
  Blork the orc (D:6)
  6 kobold brigands
  4 gnoll sergeants
  An earth elemental (D:11)
  10 bullfrogs
  3 scorpions
  10 wights
  21 killer bees
  2 howler monkeys (D:10)
  An electric eel (D:11)
  2 quasits (D:8)
  3 gnoll boudas
  6 hounds
  A jelly (D:6)
  Crazy Yiuf (D:7)
  32 orc priests
  2 lightning spires (Gauntlet)
  A sleepcap (D:5)
  7 iguanas
  14 orc wizards
  12 hell rats
  34 gnolls
  9 adders
  3 shadow imps (D:8)
  9 white imps
  4 ufetubi
  A worm (D:4)
  3 dart slugs
  94 orcs
  6 ball pythons
  4 endoplasms
  9 goblins
  7 hobgoblins
  A quokka (D:1)
  4 bats
  4 frilled lizards
  24 kobolds
  A rat (D:2)
  A butterfly (Lair:4)
823 creatures vanquished.

Vanquished Creatures (others)
  An orc high priest (Orc:2)
  An orc (D:9)
2 creatures vanquished.

Grand Total: 825 creatures vanquished

Notes
Turn   | Place    | Note
-------+----------+-------------------------------------------
     0 | D:1      | Esekla the Deep Elf Necromancer began the quest for the
                  | Orb.
     0 | D:1      | Reached XP level 1. HP: 10/10 MP: 6/6
   123 | D:1      | Reached skill level 5 in Necromancy
   310 | D:4      | Found an iron altar of Okawaru.
   389 | D:4      | Found a radiant altar of Vehumet.
   393 | D:4      | Became a worshipper of Vehumet
   516 | D:3      | Reached XP level 2. HP: 15/15 MP: 8/8
   580 | D:3      | Identified the +5 rapier of the Hero {heavy, rN+ Dex+3}
   595 | D:2      | Found Renulab's Jewellery Shop.
   903 | D:3      | Found a stormy altar of Qazlal.
   906 | D:3      | Found a hazy altar of Hepliaklqana.
   906 | D:3      | Found a bloodstained altar of Trog.
   921 | D:3      | Reached XP level 3. HP: 15/19 MP: 9/9
   929 | D:3      | Learned a level 3 spell: Vampiric Draining
  1079 | D:3      | Reached XP level 4. HP: 23/24 MP: 11/11
  1599 | D:1      | Reached skill level 1 in Short Blades
  1604 | D:1      | Reached * piety under Vehumet
  1604 | D:1      | Offered knowledge of Kiss of Death by Vehumet.
  1633 | D:1      | Learned a level 3 spell: Teleport Other
  1827 | D:2      | Found a faded altar of an unknown god.
  1861 | D:2      | Noticed a black bear
  1895 | D:2      | Killed a black bear
  1896 | D:2      | Reached skill level 4 in Spellcasting
  1896 | D:2      | Reached skill level 1 in Translocations
  1896 | D:2      | Reached XP level 5. HP: 13/28 MP: 2/13
  2297 | D:4      | Found a glowing golden altar of the Shining One.
  2309 | D:4      | Reached XP level 6. HP: 32/32 MP: 7/14
  2426 | D:4      | Found a glowing silver altar of Zin.
  2535 | D:5      | Entered Level 5 of the Dungeon
  2544 | D:5      | Got the Parchment of the Lumpy Olives
  2553 | D:5      | Found a shadowy altar of Dithmenos.
  2676 | D:4      | Found Ponaysk's Antique Weapon Boutique.
  3026 | D:5      | Reached skill level 5 in Spellcasting
  3026 | D:5      | Reached XP level 7. HP: 36/36 MP: 16/16
  3069 | D:5      | Reached ** piety under Vehumet
  3103 | D:5      | Offered knowledge of Searing Ray by Vehumet.
  3116 | D:5      | Learned a level 2 spell: Searing Ray
  3263 | D:5      | Reached skill level 1 in Conjurations
  3807 | D:6      | Found a staircase to the Ecumenical Temple.
  3906 | D:6      | Reached skill level 5 in Dodging
  3906 | D:6      | Reached skill level 6 in Spellcasting
  3906 | D:6      | Reached XP level 8. HP: 7/41 MP: 10/19
  4047 | D:7      | Found a runed translucent door.
  4048 | D:7      | Noticed Crazy Yiuf
  4056 | D:7      | Killed Crazy Yiuf
  4523 | D:7      | Noticed Menkaure
  4526 | D:7      | Killed Menkaure
  4553 | D:7      | Reached skill level 7 in Spellcasting
  4650 | D:6      | Noticed Blork the orc
  4662 | D:6      | Offered knowledge of Ignite Poison by Vehumet.
  4666 | D:6      | Killed Blork the orc
  4671 | D:6      | Learned a level 3 spell: Ignite Poison
  4767 | D:6      | Noticed Pikel
  4793 | D:6      | Killed Pikel
  4794 | D:6      | Reached skill level 1 in Throwing
  4794 | D:6      | Reached skill level 1 in Shields
  4794 | D:6      | Reached skill level 8 in Spellcasting
  4794 | D:6      | Reached skill level 1 in Transmutations
  4794 | D:6      | Reached skill level 1 in Fire Magic
  4794 | D:6      | Reached skill level 1 in Poison Magic
  4794 | D:6      | Reached XP level 9. HP: 45/45 MP: 15/23
  5153 | D:6      | Found a blossoming altar of Fedhas.
  5328 | D:7      | Noticed Joseph
  5366 | D:7      | Killed Joseph
  5367 | D:7      | Reached skill level 9 in Spellcasting
  5461 | D:7      | Reached *** piety under Vehumet
  5907 | D:8      | Offered knowledge of Volatile Blastmotes by Vehumet.
  6035 | D:8      | Noticed a two-headed ogre
  6083 | D:8      | Found a transporter.
  6084 | D:8      | Found a transporter.
  6085 | D:8      | Found a transporter.
  6123 | D:8      | Found a transporter.
  6247 | D:8      | Found a hide-covered altar of Uskayaw.
  6394 | D:8      | Reached skill level 10 in Spellcasting
  6578 | D:8      | Killed a two-headed ogre
  6579 | D:8      | Reached skill level 1 in Long Blades
  6579 | D:8      | Reached XP level 10. HP: 50/50 MP: 26/26
  6612 | D:8      | Reached **** piety under Vehumet
  6805 | D:8      | Learned a level 3 spell: Volatile Blastmotes
  7032 | D:9      | Found a flagged portal.
  7052 | Bailey   | Entered a bailey
  7066 | Bailey   | Offered knowledge of Mephitic Cloud by Vehumet.
  7075 | Bailey   | Learned a level 3 spell: Mephitic Cloud
  7246 | Bailey   | Identified the +2 bardiche of Puhoisos {heavy, rElec
                  | Stlth+}
  7419 | Bailey   | Noticed an orc knight
  7419 | Bailey   | Noticed an orc knight
  7448 | Bailey   | Killed an orc knight
  7449 | Bailey   | Reached skill level 5 in Conjurations
  7462 | Bailey   | Killed an orc knight
  7463 | Bailey   | Reached skill level 1 in Air Magic
  7561 | D:9      | Noticed a two-headed ogre
  7566 | D:9      | Killed a two-headed ogre
  7567 | D:9      | Reached skill level 11 in Spellcasting
  7692 | D:9      | Noticed Harold
  7696 | D:9      | Reached skill level 1 in Fighting
  7709 | D:9      | Killed Harold
  7970 | D:9      | Reached XP level 11. HP: 57/57 MP: 28/28
  8062 | D:9      | Reached skill level 5 in Stealth
  8334 | D:9      | Found a sparkling altar of Nemelex Xobeh.
  8496 | D:10     | Entered Level 10 of the Dungeon
  8509 | D:10     | Reached skill level 12 in Spellcasting
  8669 | D:10     | Found a staircase to the Orcish Mines.
  8715 | D:10     | Reached ***** piety under Vehumet
  8719 | D:10     | Offered knowledge of Lee's Rapid Deconstruction by Vehumet.
  8736 | D:9      | Learned a level 5 spell: Lee's Rapid Deconstruction
  9130 | D:10     | Found a sacrificial altar of Ru.
  9586 | Orc:1    | Entered Level 1 of the Orcish Mines
  9589 | Orc:1    | Noticed an orc knight
  9605 | Orc:1    | Killed an orc knight
  9606 | Orc:1    | Reached skill level 1 in Earth Magic
 10018 | D:2      | Bought the ring of the Mage {Wiz Archmagi} for 714 gold
                  | pieces
 10018 | D:2      | Found the ring of the Mage {Wiz Archmagi}
 10438 | D:11     | Noticed Lodul
 10442 | D:11     | Reached skill level 5 in Fighting
 10446 | D:10     | Reached skill level 13 in Spellcasting
 10799 | D:11     | Reached XP level 12. HP: 16/68 MP: 31/31
 10987 | D:11     | Found Fagafuf's Pet Rocks.
 11040 | D:11     | Got Simple Magic
 11068 | D:11     | Noticed Psyche
 11080 | D:11     | Killed Psyche
 11090 | D:11     | Noticed a two-headed ogre
 11100 | D:11     | Killed a two-headed ogre
 11209 | D:11     | Reached skill level 1 in Armour
 11235 | D:11     | Reached skill level 14 in Spellcasting
 11406 | D:11     | Killed Lodul
 11436 | D:11     | Found a staircase to the Lair.
 11817 | D:12     | Learned a level 2 spell: Wereblood
 11920 | D:12     | Found a portal to a secret trove of treasure.
 11989 | D:12     | Learned a level 5 spell: Fireball
 11996 | D:12     | Learned a level 6 spell: Plasma Beam
 12237 | D:12     | Learned a level 5 spell: Freezing Cloud
 12240 | D:12     | Learned a level 2 spell: Poisonous Vapours
 12291 | Trove    | Entered a treasure trove
 12300 | Trove    | Identified the ring of Akemeir {Fire Str+4}
 12303 | Trove    | Identified the ring of Descent {rPois rC+ Int+5 Stlth-}
 12323 | Trove    | Identified the +3 ring mail "Poady" {+Inv rF+ Dex+2 Slay-4}
 12504 | Lair:1   | Entered Level 1 of the Lair of Beasts
 12849 | Lair:1   | Reached skill level 1 in Ice Magic
 13018 | Lair:1   | Reached skill level 10 in Necromancy
 13465 | Lair:2   | Reached skill level 15 in Spellcasting
 13579 | Lair:2   | Found a staircase to the Shoals.
 13606 | Lair:2   | You fall into a shaft and drop 1 floor!
 13613 | Lair:3   | Reached XP level 13. HP: 25/76 MP: 24/34
 13853 | Lair:3   | Found a hole to the Spider Nest.
 14031 | Lair:3   | Identified the +3 leather armour of Okawaru's Inspiration
                  | {Str+4}
 14349 | Lair:3   | Reached skill level 5 in Earth Magic
 14889 | Lair:2   | Found a transporter.
 14889 | Lair:2   | Found a transporter.
 15243 | Lair:4   | Noticed Rupert
 15622 | Lair:4   | Reached skill level 16 in Spellcasting
 15776 | Lair:4   | HP: 1/77 [Rupert/+3 great mace of holy wrath (15)]
 15779 | Lair:4   | Killed Rupert
 15780 | Lair:4   | Reached skill level 10 in Dodging
 16205 | Lair:4   | Learned a level 4 spell: Sticky Flame
 16240 | Lair:5   | Entered Level 5 of the Lair of Beasts
 16464 | Lair:5   | Found a runed translucent door.
 16464 | Lair:5   | Noticed a fire dragon
 16523 | Lair:5   | Reached skill level 5 in Fire Magic
 16523 | Lair:5   | Reached XP level 14. HP: 77/84 MP: 14/36
 16698 | Lair:5   | Found a viscous altar of Jiyva.
 16698 | Lair:5   | Found a staircase to the Slime Pits.
 16741 | Lair:5   | Reached skill level 5 in Poison Magic
 16947 | Lair:5   | Reached skill level 5 in Air Magic
 16996 | Lair:5   | Reached skill level 17 in Spellcasting
 17412 | Lair:5   | Reached skill level 5 in Ice Magic
 17569 | Lair:5   | Got Utragud's Papyrus of the Inquisitive Olives
 17921 | Orc:2    | Entered Level 2 of the Orcish Mines
 18098 | Orc:1    | Noticed an orc warlord
 18196 | Orc:2    | Killed an orc warlord
 18490 | D:4      | Bought the +8 arc blade {discharge, rElec} for 1740 gold
                  | pieces
 18490 | D:4      | Found the +8 arc blade {discharge, rElec}
 19046 | Orc:2    | Found Roezostra's General Store.
 19047 | Orc:2    | Offered knowledge of Olgreb's Toxic Radiance by Vehumet.
 19070 | Orc:2    | Learned a level 4 spell: Olgreb's Toxic Radiance
 19072 | Orc:2    | Found Bamnuus's General Store.
 19226 | Orc:2    | Noticed an orc warlord
 19256 | Orc:2    | Killed an orc warlord
 19324 | Orc:2    | Found a staircase to the Elven Halls.
 19486 | Orc:2    | Noticed Azrael
 19492 | Orc:2    | Killed Azrael
 19708 | Orc:2    | Reached XP level 15. HP: 84/90 MP: 21/38
 19761 | Orc:2    | Reached skill level 18 in Spellcasting
 19772 | Orc:2    | Found Jyohez's Book Shop.
 19772 | Orc:2    | Found Huzal's Antique Armour Boutique.
 19773 | Orc:2    | Found a one-way gate leading to the halls of Pandemonium.
 19784 | Orc:2    | Bought a runed helmet for 270 gold pieces
 19962 | Orc:2    | Bought a scroll of identify for 34 gold pieces
 20372 | D:13     | You fall into a shaft and drop 2 floors!
 20372 | D:15     | Entered Level 15 of the Dungeon
 20454 | D:15     | Found a staircase to the Depths.
 20525 | D:15     | Found a stormy altar of Qazlal.
 20563 | D:15     | Found a gate leading to a gauntlet.
 20585 | Gauntlet | Entered a Gauntlet
 20585 | Gauntlet | Found a transporter.
 20594 | Gauntlet | Found a transporter.
 20606 | Gauntlet | Found a transporter.
 20611 | Gauntlet | Found a transporter.
 20620 | Gauntlet | Found a transporter.
 20646 | Gauntlet | Found a transporter.
 20652 | Gauntlet | Found a transporter.
 20653 | Gauntlet | Found a transporter.
 20681 | Gauntlet | Found a transporter.
 20686 | Gauntlet | Found a transporter.
 20686 | Gauntlet | Found a transporter.
 20696 | Gauntlet | Found a transporter.
 20905 | Gauntlet | Identified the ring of Sumam {Wiz Str+3 Int+2 Dex-2}
 20982 | Gauntlet | Identified the +10 hand axe of Unpleasantness {venom, rC-
                  | Str-5 Dex+6}
 21378 | D:14     | Offered knowledge of Eringya's Noxious Bog by Vehumet.
 21380 | D:14     | Reached skill level 5 in Armour
 21673 | D:13     | Found a gate to the Vaults.
 21791 | D:13     | Reached skill level 19 in Spellcasting
 22552 | D:14     | Reached skill level 10 in Fighting
 22994 | D:14     | Noticed a storm dragon
 23015 | D:14     | Killed a storm dragon
 23016 | D:14     | Reached XP level 16. HP: 95/97 MP: 20/41
 23085 | D:14     | Learned a level 6 spell: Eringya's Noxious Bog
 23282 | D:14     | Reached skill level 5 in Transmutations
 23286 | D:14     | Reached ****** piety under Vehumet
 23333 | D:14     | Noticed a storm dragon
 23338 | D:14     | Killed a storm dragon
 23338 | D:14     | Offered knowledge of Conjure Ball Lightning by Vehumet.
 23346 | D:14     | Learned a level 6 spell: Conjure Ball Lightning
 23897 | Spider:1 | Entered Level 1 of the Spider Nest
 24036 | Spider:1 | Identified the +1 pair of boots of Piysunuo {Str+3}
 24174 | Spider:1 | Reached skill level 20 in Spellcasting
 24355 | Spider:1 | Paralysed by a jorogumo for 2 turns
 24357 | Spider:1 | Slain by a jorogumo

Illustrated notes

Levels and vault maps discovered:
D:1:      sevenhm_arrival_forest_fort_small_3, layout_rooms,
          chequers_serial_rivers_room_b, minmay_misc_feat_five
D:2:      layout_loops_ring, dreamdust_ecumenical_altar_angels_and_demons,
          serial_shops, shop
D:3:      layout_basic, grunt_temple_overflow_open, minmay_misc_feat_iff
D:4:      layout_basic, nicolae_overflow_quartered_altars, serial_shops,
          nicolae_diamond_shop
D:5:      layout_loops_ring, lemuel_doored_altar, minmay_misc_feat_rows,
          dreamdust_wishing_well
D:6:      layout_loops_cross, fedhas_altar_fruit_tree,
          minmay_temple_entry_glass, uniq_pikel, uniq_blork_the_orc
D:7:      layout_basic, uniq_menkaure, uniq_joseph, uniq_crazy_yiuf_cottage
D:8:      layout_basic, nicolae_uskayaw_dance_hall, serial_demonic,
          serial_demonic_d, serial_demonic_a, serial_demonic_c,
          serial_demonic_c, nicolae_diode_quadrants
D:9:      layout_irregular_city, kennysheep_little_box, enter_bailey_4,
          minmay_between, uniq_harold
D:10:     layout_basic, nicolae_ru_awakened_eye
D:11:     layout_rooms, hellmonk_lair_entry_icy, serial_ice, serial_ice_j,
          serial_ice_m, serial_ice_o, serial_ice_c, serial_ice_g, serial_ice_f,
          guppyfry_shop_earth, uniq_psyche, uniq_lodul
D:12:     layout_roguey, nicolae_trove_entry_crossroad
D:13:     layout_loops_ring, lightli_vaults_fourway_checkpoint
D:14:     nzn_winding_woodlands_large [nzn_winding_woodlands_5x5_checkerboard,
          nzn_winding_woodlands_5x15_longhouse,
          nzn_winding_woodlands_5x5_default,
          nzn_winding_woodlands_center_garden,
          nzn_winding_woodlands_15x15_five_gardens,
          nzn_winding_woodlands_center_lodge, nzn_winding_woodlands_5x5_default,
          nzn_winding_woodlands_5x15_crooked, nzn_winding_woodlands_5x5_three],
          layout_loops_corners
D:15:     grunt_enter_depths_giant_problem, layout_rooms,
          nicolae_qazlal_scattered_showers, gauntlet_entry_generic
Lair:1:   layout_small_grid
Lair:2:   gammafunk_boulding_lane, layout_small_grid, elwin_shoals_entry_rooms
Lair:3:   kb_forest_paths, layout_chaotic_city, spider_nest_entry_rubble
Lair:4:   layout_hall_layers, grunt_megastairs_3, lemuel_fruit_fields,
          uniq_rupert
Lair:5:   guppyfry_lair_end_dragon, layout_misc_corridors, wormcave,
          dpeg_slime_entry_enclosed
Spider:1: layout_spider_delve, nicolae_spider_some_kinda_spiderbox
Orc:1:    layout_caves
Orc:2:    pf_orc_diabolical, layout_diamond_mine, uniq_azrael

Skill      XL: |  1  2  3  4  5  6  7  8  9 10 11 12 13 14 15 16 |
---------------+-------------------------------------------------+-----
Necromancy     | 5 6 7 8 9 10 | 10.7
Dodging        | 3 4 5 6 8 9 10 11 | 11.7
Stealth        | 3 4 5 |  5.8
Short Blades   | 1 2 3 |  3.9
Spellcasting   | 4 5 6 8 10 11 13 15 16 17 19 20 | 20.1
Translocations | 1 2 3 4 |  4.4
Conjurations   | 2 3 4 5 6 7 |  7.3
Throwing       | 1 2 3 |  3.0
Shields        | 1 2 3 |  3.4
Transmutations | 1 2 3 4 5 |  5.1
Fire Magic     | 1 3 4 5 |  5.8
Poison Magic   | 1 3 4 6 7 |  7.4
Long Blades    | 1 2 3 4 |  4.2
Air Magic      | 1 3 4 6 7 |  7.7
Fighting       | 2 5 6 8 9 10 | 10.8
Earth Magic    | 2 4 5 7 8 9 |  9.2
Armour         | 2 3 4 5 |  5.3
Ice Magic      | 1 3 5 6 7 |  7.0
Evocations     | |  0.4

Action                     |  1- 3 |  4- 6 |  7- 9 | 10-12 | 13-15 | 16-18 || total
---------------------------+-------+-------+-------+-------+-------+-------++-------
  Melee: Short sword       |    34 |       |       |       |       |       ||    34
         Unarmed           |     9 |       |       |       |       |       ||     9
         Rapier            |    18 |    81 |    96 |    22 |    98 |     4 ||   319
         Punch             |       |     1 |     3 |       |       |       ||     4
         Scimitar          |       |       |    27 |   154 |   107 |     8 ||   296
  Throw: Dart              |       |     1 |    39 |    63 |     2 |       ||   105
         Boomerang         |       |       |       |     5 |     4 |       ||     9
   Cast: Vampiric Draining |       |    20 |    42 |    95 |    87 |     6 ||   250
         Teleport Other    |       |       |    10 |       |       |       ||    10
         Searing Ray       |       |       |    24 |    75 |    40 |     3 ||   142
         Mephitic Cloud    |       |       |       |    56 |    25 |     6 ||    87
         Ignite Poison     |       |       |       |    43 |   127 |    35 ||   205
         Lee's Rapid Decon |       |       |       |     5 |       |     1 ||     6
         Poisonous Vapours |       |       |       |    11 |   206 |    40 ||   257
         Wereblood         |       |       |       |     4 |    28 |     6 ||    38
         Freezing Cloud    |       |       |       |     3 |    55 |     4 ||    62
         Sticky Flame      |       |       |       |       |    20 |     1 ||    21
         Olgreb's Toxic Ra |       |       |       |       |    24 |     9 ||    33
  Evoke: Wand              |       |       |    11 |       |     1 |       ||    12
    Use: Scroll            |       |       |     8 |    10 |    14 |     2 ||    34
         Potion            |       |       |     1 |     3 |     3 |     1 ||     8
   Stab: Sleeping          |     3 |     9 |     5 |     8 |     4 |       ||    29
         Distracted        |       |     2 |       |       |     2 |       ||     4
         Confused          |       |       |       |    12 |     5 |     2 ||    19
 Armour: Robe              |    11 |    28 |    42 |       |       |       ||    81
         Steam dragon scal |       |       |     3 |    72 |       |       ||    75
         Troll leather arm |       |       |       |    16 |   111 |    19 ||   146
  Dodge: Dodged            |    41 |    79 |   159 |   277 |   282 |    37 ||   875
  Block: Buckler           |       |       |    12 |    89 |    94 |     9 ||   204
